 Dungeon Crawl Stone Soup version 0.20.1-1-g8b1a95d (webtiles) character file.

49 Knicklaso the Chucker (level 3, -2/35 HPs)
             Began as an Ogre Arcane Marksman on July 21, 2017.
             Slain by a quokka (3 damage)
             ... on level 1 of the Dungeon.
             The game lasted 00:06:52 (1965 turns).

Knicklaso the Chucker (Ogre Arcane Marksman)        Turns: 1965, Time: 00:06:52

Health: -2/35      AC:  3    Str: 14    XL:     3   Next: 77%
Magic:  3/4        EV: 15    Int: 14    God:
Gold:   71         SH:  0    Dex: 10    Spells: 3/4 levels left

rFire    + . .     SeeInvis .   m - +0 club
rCold    x . .     Gourm    .   (no shield)
rNeg     . . .     Faith    .   a - +0 robe
rPois    .         Spirit   .   (helmet restricted)
rElec    .         Reflect  .   (no cloak)
rCorr    .         Harm     .   (gloves unavailable)
MR       .....                  (boots unavailable)
Stlth    +.........             (no amulet)
Regen    0.2/turn               e - ring of fire
MPRegen  0.1/turn               j - +5 ring of evasion

@: no status effects
A: unfitting armour, tough skin 1
a: no special abilities


You were on level 1 of the Dungeon.
You were not hungry.

You visited 1 branch of the dungeon, and saw 2 of its levels.

You collected 71 gold pieces.

Inventory:

Hand Weapons
 m - a +0 club (weapon)
Missiles
 c - 3 large rocks (quivered)
 d - 2 throwing nets
Armour
 a - a +0 robe (worn)
Jewellery
 e - a ring of fire (left hand)
 j - a +5 ring of evasion (right hand)
Scrolls
 g - a scroll of teleportation {unknown}
 n - a scroll of remove curse {unknown}
Potions
 h - 3 potions of curing {unknown}
 i - a potion of agility {unknown}
 l - 2 potions of heal wounds {unknown}
 q - a potion of cancellation {unknown}
Books
 b - a book of Debilitation

   Spells                             Type                      Level
   a - Corona                         Hexes                        1
   b - Slow                           Hexes                        2
   c - Inner Flame                    Hexes/Fire                   3
   d - Portal Projectile              Hexes/Translocation          3
   e - Cause Fear                     Hexes                        4
   f - Leda's Liquefaction            Hexes/Earth                  4
Comestibles
 f - a bread ration
 k - a meat ration
 o - a royal jelly
 p - 2 chunks of flesh


   Skills:
 + Level 2.1 Fighting
 * Level 1.2 Maces & Flails
 + Level 3.3 Throwing
 - Level 1.7 Dodging
 - Level 1.2 Spellcasting
 - Level 2.6 Hexes


You had 3 spell levels left.
You knew the following spells:

 Your Spells              Type           Power        Failure   Level  Hunger
a - Corona                Hex            #......      9%          1    ##.....


Dungeon Overview and Level Annotations

Branches:
Dungeon (2/15)

Altars:


Innate Abilities, Weirdness & Mutations

You are too large for most types of armour.
You have tough skin. (AC +1)


Message History

You are no longer poisoned.
There is a stone staircase leading up here.
The quokka barely misses you. The quokka completely misses you.
You climb upwards.
There is a stone staircase leading down here.
Casting: Corona
Confirm with . or Enter, or press ? or * to list all spells.
Aiming: Corona
Press: ? - help, Shift-Dir - straight line, f - quokka
Aim: a quokka (severely wounded, chance to defeat MR: 61%)
The quokka is outlined in light.
The quokka closely misses you.
You hit the quokka but do no damage.
The quokka is severely wounded.
The quokka barely misses you.
You closely miss the quokka.
The quokka is severely wounded.
The quokka bites you.
* * * LOW HITPOINT WARNING * * *
The quokka bites you.
You die...

.........)...# ############.#####
#.....# #############.#
#.......## #)##########
#........####..........#
#..................###.#
####..................# #.#
....[...........@r....# #.#
####.####.#...........###.#######
####.# #.#........)..##.........
...#.####.#...........##..######.
.#.#.##.....).........##.......#.
...#..#.#.............##..#(#..#.
...##.#(#.##..........##..#.####.
#.###.#.#..#.........###..#..†...
......[....#.#######.# #..#######


You could see a quokka.

Vanquished Creatures
  An adder (D:2)
  A dart slug (D:1)
  A leopard gecko (D:1)
  3 bats (D:1)
  3 giant cockroaches (D:1)
  A goblin (D:1)
  7 hobgoblins (D:1)
  6 jackals (D:1)
  3 kobolds (D:1)
  3 frilled lizards (D:1)
  4 rats
33 creatures vanquished.

Notes
Turn   | Place    | Note
-------+----------+-------------------------------------------
     0 | D:1      | Knicklaso the Ogre Arcane Marksman began the quest for the Orb.
     0 | D:1      | Reached XP level 1. HP: 19/19 MP: 2/2
   330 | D:1      | Reached XP level 2. HP: 16/27 MP: 3/3
   664 | D:1      | Reached skill level 3 in Throwing
  1018 | D:1      | Reached XP level 3. HP: 15/33 MP: 4/4
  1651 | D:1      | Reached skill level 1 in Maces & Flails
  1965 | D:1      | HP: 1/35 [quokka (3)]
  1965 | D:1      | Slain by a quokka

Skill      XL: |  1  2  3 |
---------------+----------+-----
Throwing       | 3 |  3.3
Maces & Flails | 1 |  1.2
Fighting       | 2 |  2.1
Dodging        | |  1.7
Spellcasting   | |  1.2
Hexes          | |  2.6

Action                   || total
-------------------------++-------
Melee: Unarmed           ||    66
       Club              ||   139
       Short sword       ||    13
Throw: Large rock        ||     3
 Cast: Corona            ||     6
  Eat: Chunk             ||     4
Armor: Robe              ||    60
Dodge: Dodged            ||   231
